 Dungeon Crawl Stone Soup version 0.20.0-15-g7f486f2 (webtiles) character file.

239 Cecillian the Shield-Bearer (level 6, 0/49 HPs)
             Began as a Formicid Fighter on June 13, 2017.
             Succumbed to a worker ant's poison
             ... on level 4 of the Dungeon.
             The game lasted 00:09:42 (3347 turns).

Cecillian the Shield-Bearer (Formicid Fighter)      Turns: 3347, Time: 00:09:42

Health: 0/49       AC:  7    Str: 20    XL:     6   Next: 29%
Magic:  6/6        EV:  8    Int:  9    God:
Gold:   192        SH: 10    Dex: 11    Spells: 5/5 levels left

rFire    + . .     SeeInvis +   a - +0 long sword
rCold    + . .     Gourm    .   c - +0 shield
rNeg     . . .     Faith    .   b - +0 scale mail
rPois    +         Spirit   .   (helmet unavailable)
rElec    +         Reflect  .   (no cloak)
rCorr    +         Harm     .   (no gloves)
MR       .....                  (no boots)
Stlth    ..........             (no amulet)
Regen    0.2/turn               n - +4 ring of slaying
MPRegen  0.1/turn               (no ring)

@: lethally poisoned (0 -> -5), resistant
A: permanent stasis, dig shafts and tunnels, four strong arms, antennae 3
a: Dig, Shaft Self


You were on level 4 of the Dungeon.
You were hungry.

You visited 1 branch of the dungeon, and saw 4 of its levels.

You collected 192 gold pieces.

Inventory:

Hand Weapons
 a - a +0 long sword (weapon)
 g - a +0 hunting sling
 o - a +0 war axe
Missiles
 e - 141 stones (quivered)
 i - 23 sling bullets
 m - 44 poisoned needles
 t - 31 bolts
Armour
 b - a +0 scale mail (worn)
 c - a +0 shield (worn)
Jewellery
 n - a +4 ring of slaying (left hand)
Scrolls
 k - 2 scrolls of remove curse
 p - a scroll of recharging {unknown}
 v - a scroll of magic mapping {unknown}
Potions
 d - 2 potions of might
 h - a potion of mutation
 j - 2 potions of lignification
 r - a potion of cancellation {unknown}
Comestibles
 f - 3 bread rations
 l - 3 royal jellies
 q - a meat ration


   Skills:
 + Level 4.6 Fighting
 + Level 3.3 Long Blades
 + Level 0.0 Axes
 + Level 4.7 Armour
 - Level 5.0 Shields


You had 5 spell levels left.
You didn't know any spells.

Dungeon Overview and Level Annotations

Branches:
Dungeon (3/15)

Altars:
Dithmenos
Yredelemnul

Annotations:
D:3 Grinder, Ijyb


Innate Abilities, Weirdness & Mutations

You cannot be hasted, slowed, berserked, paralysed or teleported.
You can dig through walls and to a lower floor.
Your four strong arms can wield two-handed weapons with a shield.
You have a pair of large antennae on your head. (SInv)


Message History

You feel sick.
You feel sick. You block the worker ant's attack.
You feel sick. You block the worker ant's attack.
You feel sick.
The orc priest looks satisfied for a moment.
You block the worker ant's attack.
You feel sick.
You are feeling hungry.
You feel sick.
You are no longer poisoned.
You block the worker ant's attack.
A bullfrog skeleton comes into view.
The worker ant bites you.
* * * LOW HITPOINT WARNING * * *
You are lethally poisoned!
The worker ant poisons you!
Unknown command.
It was a potion of resistance.
You feel protected.
You die...

##### # #...
#########.#######
#...{{.{..........
#.#######.......#.
#o# #.#####.#. #.#
#{# ##... #a# #{#
#.... #@# #.#
#.### #Z# #{# #.#
#.# #o####.### #.#
#....{#... #.#
#.####{### #.# #.#
#{# #.# #.# #{#
#.. #.####{#
#...[.{#


You could see a worker ant, an orc and a bullfrog skeleton.

Vanquished Creatures
  Jessica (D:2)
  Robin (D:2)
  4 gnolls (D:2)
  7 adders
  5 worms
  2 dart slugs
  A leopard gecko (D:3)
  2 orcs (D:3)
  6 bats
  4 giant cockroaches
  17 goblins
  11 hobgoblins
  A ball python (D:2)
  4 frilled lizards
  8 kobolds
  6 rats
  A plant (D:1)
81 creatures vanquished.

Notes
Turn   | Place    | Note
-------+----------+-------------------------------------------
     0 | D:1      | Cecillian the Formicid Fighter began the quest for the Orb.
     0 | D:1      | Reached XP level 1. HP: 18/18 MP: 1/1
   136 | D:1      | Reached XP level 2. HP: 23/24 MP: 2/2
   285 | D:1      | Reached skill level 4 in Shields
   380 | D:1      | Reached XP level 3. HP: 29/29 MP: 3/3
   732 | D:2      | Found a basalt altar of Yredelemnul.
   768 | D:2      | Noticed Jessica
   772 | D:2      | Killed Jessica
   772 | D:2      | Reached XP level 4. HP: 20/37 MP: 4/4
   997 | D:2      | Noticed Robin
  1495 | D:2      | Killed Robin
  1495 | D:2      | Reached XP level 5. HP: 35/42 MP: 5/5
  1684 | D:2      | Found a shadowy altar of Dithmenos.
  2553 | D:3      | Reached XP level 6. HP: 34/49 MP: 6/6
  2813 | D:3      | Reached skill level 5 in Shields
  3032 | D:3      | Noticed Grinder
  3035 | D:3      | Noticed Ijyb
  3043 | D:3      | You fall through a shaft!
  3346 | D:4      | HP: 1/49 [worker ant (4)]
  3347 | D:4      | Succumbed to a worker ant's poison

Skill      XL: |  1  2  3  4  5  6 |
---------------+-------------------+-----
Shields        | 4 5 |  5.0
Fighting       | 4 |  4.6
Armour         | 4 |  4.7
Long Blades    | 3 |  3.3

Action                   |  1- 3 |  4- 6 || total
-------------------------+-------+-------++-------
Melee: Long sword        |    69 |   148 ||   217
Throw: Stone             |       |     4 ||     4
 Abil: Shaft Self        |       |     1 ||     1
  Use: Scroll            |     3 |     4 ||     7
       Potion            |       |     1 ||     1
  Eat: Chunk             |       |     8 ||     8
Armor: Scale mail        |    24 |    65 ||    89
Dodge: Dodged            |    15 |    69 ||    84
Block: Shield            |    25 |    94 ||   119
       Rpst.: Long sword |     7 |    25 ||    32
